 Dungeon Crawl Stone Soup version 0.17.1-3-g152610e (webtiles) character file.

863 dearth the Sneak (level 7, -6/32 HPs)
             Began as a Spriggan Enchanter on Feb 26, 2016.
             Was an Initiate of Ashenzari.
             Mangled by a hell rat (10 damage)
             ... on level 5 of the Dungeon.
             The game lasted 00:21:06 (5406 turns).

dearth the Sneak (Spriggan Enchanter)               Turns: 5406, Time: 00:21:06

Health: -6/32      AC:  5    Str:  4    XL:     7   Next: 72%
Magic:  15/15      EV: 21    Int: 18    God:    Ashenzari [......]
Gold:   136        SH:  0    Dex: 17    Spells: 3 memorised, 10 levels left

rFire  . . .     SeeInvis +     a - +1 dagger
rCold  . . .     Clarity  .     b - +1 robe
rNeg   . . .     SustAt   .     (shield restricted)
rPois  .         Gourm    .     o - +1 hat
rElec  .         Spirit   .     q - +0 cloak
rCorr  .         Warding  .     (gloves unavailable)
rMut   .         Stasis   .     (boots unavailable)
MR     +....                    i - amulet of rage
Stlth  ++++......               (no ring)
                                (no ring)

@: drained, very quick, somewhat resistant to hostile enchantments, stealthy
A: unfitting armour, see invisible, herbivore 3, speed 3, slow metabolism 2
a: Renounce Religion, Evoke Berserk Rage


You were on level 5 of the Dungeon.
You worshipped Ashenzari.
Ashenzari was noncommittal.
You were not hungry.

You visited 1 branch of the dungeon, and saw 5 of its levels.
You also visited: Sewer.

You collected 256 gold pieces.
You spent 120 gold pieces at shops.

Inventory:

Hand Weapons
 a - a +1 dagger (weapon)
Armour
 b - a +1 robe (worn)
 o - a +1 hat (worn)
 q - a +0 cloak (worn)
Jewellery
 i - an amulet of rage (around neck)
Wands
 k - a wand of polymorph (16)
 s - a wand of teleportation (3)
 v - a wand of frost (14)
Scrolls
 f - 3 scrolls of teleportation {unknown}
 h - 7 scrolls of identify
 m - a scroll of remove curse
 w - a scroll of enchant weapon {unknown}
Potions
 e - a potion of resistance {unknown}
 g - a potion of lignification {unknown}
 j - 2 potions of degeneration {unknown}
 l - 4 potions of curing {unknown}
 p - 2 potions of poison {unknown}
 r - 3 potions of magic {unknown}
 t - 6 potions of flight {unknown}
 u - 2 potions of haste {unknown}
 x - a potion of mutation {unknown}
 z - a potion of berserk rage {unknown}
Books
 c - a book of Maledictions

   Spells                             Type                      Level
   a - Corona                         Hexes                        1
   b - Ensorcelled Hibernation        Hexes/Ice                    2
   c - Confuse                        Hexes                        3
   d - Tukima's Dance                 Hexes                        3
   e - Dazzling Spray                 Conjuration/Hexes            3
Comestibles
 d - 4 bread rations
 n - 7 fruits


   Skills:
 + Level 3.9(3.5) Short Blades
 + Level 6.0(5.5) Dodging
 + Level 7.2(6.7) Stealth
 + Level 5.2(4.7) Spellcasting
 + Level 5.8(5.3) Hexes
 + Level 3.3(2.9) Evocations


You had 10 spell levels left.
You knew the following spells:

 Your Spells              Type           Power        Failure   Level  Hunger
a - Corona                Hex            ###....      1%          1    None
b - Ensorcelled Hibernat  Hex/Ice        ##....       10%         2    #......
c - Confuse               Hex            ###.....     4%          3    ###....


Dungeon Overview and Level Annotations

Branches:
Dungeon (5/15)
 Temple: D:4-7

Altars:
Ashenzari
Nemelex Xobeh
Okawaru
Trog
Vehumet

Shops:
D:4 %


Innate Abilities, Weirdness & Mutations

You are tiny and cannot use many weapons and most armour.
You have supernaturally acute eyesight.
You are a herbivore.
You cover ground extremely quickly.
You need consume almost no food.


Message History

A river rat comes into view. 2 rats and a hell rat come into view.
Found 8 poisoned needles.
The rat barely misses you.
Found a slice of pizza.
You hit the rat.
You kill the rat!
The river rat twitches its whiskers.
The hell rat completely misses you. The rat closely misses you.
You barely miss the rat.
The hell rat roars!
You hit the river rat.
The river rat is lightly wounded.
The rat misses you. The hell rat misses you.
The hell rat completely misses you.
You hit the river rat but do no damage.
The river rat is lightly wounded.
The rat completely misses you. The river rat misses you.
The hell rat bites you!
You die...

## ###### #.% ##
##....##.# ..
##.......# ...
#....r.(# ..
#.rrr..### #. #@r#
#.#### r# .
##r###r#..#.##.#.#
#...#.# #.#..##.#
###r#.# #.††#.#
##.### #rrr.#
##r.###r#r#.#
##rr#†##.#.#
###..##.# .
####.## #.


You could see 3 hell rats, a river rat and 6 rats.

Vanquished Creatures
  Grinder (D:3)
  Sigmund (D:3)
  3 big kobolds (Sewer)
  Ijyb (D:2)
  Jessica (D:3)
  Natasha (thrice) (D:3)
  3 gnolls (D:4)
  9 adders
  A river rat (Sewer)
  An ooze (D:3)
  3 worms
  2 giant geckos
  7 orcs
  3 bats
  5 hobgoblins
  7 jackals
  11 kobolds
  A quokka (D:3)
  4 ball pythons
  4 giant cockroaches
  4 giant newts
  8 goblins
  10 rats
93 creatures vanquished.

Notes
Turn   | Place    | Note
--------------------------------------------------------------
     0 | D:1      | dearth the Spriggan Enchanter began the quest for the Orb.
     0 | D:1      | Reached XP level 1. HP: 9/9 MP: 5/5
   351 | D:1      | Reached XP level 2. HP: 7/13 MP: 6/6
  1250 | D:2      | Noticed Ijyb
  1413 | D:1      | Reached XP level 3. HP: 6/16 MP: 8/8
  1658 | D:2      | Killed Ijyb
  1865 | D:2      | Reached XP level 4. HP: 21/21 MP: 10/10
  1869 | D:2      | Learned a level 2 spell: Ensorcelled Hibernation
  1873 | D:2      | Learned a level 3 spell: Confuse
  1956 | D:2      | Found a radiant altar of Vehumet.
  1981 | D:2      | Found a sparkling altar of Nemelex Xobeh.
  2298 | D:2      | Reached skill level 5 in Stealth
  2539 | D:3      | Noticed Natasha
  2988 | D:3      | Found a glowing drain.
  2992 | Sewer    | Entered a sewer
  3324 | Sewer    | Noticed a big kobold
  3334 | Sewer    | Killed a big kobold
  3334 | Sewer    | Reached skill level 1 in Evocations
  3334 | Sewer    | Reached XP level 5. HP: 21/24 MP: 4/12
  3469 | Sewer    | Noticed a big kobold
  3470 | Sewer    | Noticed a big kobold
  3493 | Sewer    | Killed a big kobold
  3493 | Sewer    | Reached skill level 6 in Stealth
  3493 | Sewer    | Reached XP level 6. HP: 28/28 MP: 10/13
  3497 | Sewer    | Killed a big kobold
  3497 | Sewer    | Reached skill level 5 in Hexes
  3879 | D:3      | Noticed Grinder
  3896 | D:3      | Killed Grinder
  3896 | D:3      | Reached skill level 5 in Dodging
  3896 | D:3      | Reached XP level 7. HP: 32/32 MP: 10/15
  3920 | D:3      | Killed Natasha
  3970 | D:3      | Noticed Jessica
  3974 | D:3      | Noticed Sigmund
  3978 | D:3      | Killed Jessica
  4023 | D:3      | Killed Sigmund
  4023 | D:3      | Reached skill level 7 in Stealth
  4023 | D:3      | Reached skill level 5 in Spellcasting
  4351 | D:3      | Noticed Natasha
  4369 | D:3      | Killed Natasha
  4401 | D:3      | Noticed Natasha
  4406 | D:3      | Killed Natasha
  4790 | D:4      | Found Zerux's Food Shoppe.
  4826 | D:4      | Bought a bread ration for 60 gold pieces
  4826 | D:4      | Bought a bread ration for 60 gold pieces
  5055 | D:4      | Found a shattered altar of Ashenzari.
  5058 | D:4      | Became a worshipper of Ashenzari the Shackled
  5113 | D:4      | Found a bloodstained altar of Trog.
  5221 | D:4      | Found an iron altar of Okawaru.
  5309 | D:5      | Entered Level 5 of the Dungeon
  5406 | D:5      | Mangled by a hell rat

Action                   |  1- 3 |  4- 6 |  7- 9 || total
-------------------------+-------+-------+-------++-------
Melee: Dagger            |   102 |   185 |   140 ||   427
 Cast: Ensorcelled Hiber |       |     6 |       ||     6
       Confuse           |       |     1 |     7 ||     8
  Use: Scroll            |       |     5 |       ||     5
 Stab: Sleeping          |     6 |    13 |     8 ||    27
       Distracted        |     1 |       |       ||     1
       Confused          |       |     1 |     4 ||     5
  Eat: Fruit             |       |     1 |       ||     1
       Bread ration      |       |       |     1 ||     1
